 Dungeon Crawl Stone Soup version 0.30.1-9-gdf580d7c3d (webtiles) character file.

Game seed: 10070861311917931716

808 Eitelfritz the Conjurer (level 7, 0/40 (41) HPs)
             Began as a Tengu Reaver on Oct 13, 2023.
             Slain by a wight
             ... wielding a +3 long sword of freezing
              (3 damage)
             ... on level 5 of the Dungeon on Oct 15, 2023.
             The game lasted 00:17:35 (6091 turns).

Eitelfritz the Conjurer (Tengu Reaver)              Turns: 6091, Time: 00:17:36

HP:   0/40 (41)     AC:  5    Str: 15    XL:     7   Next: 92%
MP:   10/13         EV: 14    Int: 13    God:
Gold: 351           SH:  9    Dex: 12    Spells: 6/13 levels left

rFire   . . .        a - +0 falchion
rCold   . . .        v - +0 buckler
rNeg    . . .        b - +0 leather armour
rPois   .            r - +2 hat
rElec   .            (no cloak)
rCorr   .            (no gloves)
SInv    .            (boots unavailable)
Will    .....        i - amulet of reflection
Stlth   +            (no ring)
HPRegen 0.26/turn    (no ring)
MPRegen 0.13/turn

%: reflection
@: immotile, flying quickly and evasively, lightly drained, quick
A: beak, talons 3, nimble flight
a: no special abilities


You were on level 5 of the Dungeon.
You visited 1 branch of the dungeon, and saw 5 of its levels.

You collected 351 gold pieces.

Inventory:

Hand Weapons
 a - a +0 falchion (weapon)
Missiles
 t - 13 poisoned darts (quivered)
Armour
 b - a +0 leather armour (worn)
 r - a +2 hat (worn)
 v - a +0 buckler (worn)
 B - the +0 ring mail of Qiyr {rC+}
   (You found it on level 4 of the Dungeon)

   rC:        It protects you from cold.
Jewellery
 i - an amulet of reflection (around neck)
 n - a +5 ring of evasion
Scrolls
 c - 2 scrolls of teleportation {unknown}
 e - a scroll of identify
 g - 3 scrolls of poison
 j - a scroll of magic mapping
 p - a scroll of immolation
Potions
 d - 2 potions of lignification {unknown}
 f - a potion of haste {unknown}
 h - 4 potions of mutation
 l - a potion of ambrosia {unknown}
 m - 4 potions of curing
 o - a potion of attraction {unknown}
 s - a potion of berserk rage {unknown}
 w - 3 potions of heal wounds
 x - 2 potions of brilliance {unknown}
 z - a potion of might {unknown}
 A - 2 potions of flight {unknown}


   Skills:
 + Level 3.0 Fighting
 + Level 5.6 Long Blades
 + Level 0.2 Throwing
 + Level 2.5 Armour
 + Level 3.7 Dodging
 + Level 0.8 Stealth
 + Level 1.4 Shields
 + Level 3.8 Spellcasting
 + Level 6.3 Conjurations
 + Level 0.6 Translocations


You had 6 spell levels left.
You knew the following spells:

 Your Spells              Type           Power      Damage    Failure   Level
a - Kiss of Death         Conj/Necr      40%        2d8       10%         1
b - Magic Dart            Conj           72%        1d6       2%          1
c - Hailstorm             Conj/Ice       10%        3d5       28%         3
d - Momentum Strike       Conj/Tloc      22%        3d8       13%         2

Your spell library contained the following spells:

 Spells                   Type           Power      Damage    Failure   Level
 Blink                    Tloc           8%         N/A       38%         2
 Lesser Beckoning         Tloc           8%         N/A       38%         2
 Mephitic Cloud           Conj/Pois/Air  7%         N/A       41%         3
 Call Imp                 Summ           4%         N/A       47%         2


Dungeon Overview and Level Annotations

Branches:
Dungeon (5/15)
 Temple: D:4-7

Altars:
Cheibriados
Kikubaaqudgha
Okawaru
Ru

Annotations:
D:3 zxspectator's ghost, amateur GrFi


Innate Abilities, Weirdness & Mutations

You have a beak for a mouth.
You have claws for feet.
Your magical nature lets you fly swiftly and evasively.


Message History

You destroy the wight!
Items here: )) [[.
Okay, then.
HP restored.
A wight comes into view.
It is wielding a +3 long sword of freezing.
Found a stone staircase leading down.
Casting: Momentum Strike (safe; 13% risk of failure)
Confirm with . or Enter, or press ? or * to list all spells.
Aiming: Magic Dart (safe; 2% risk of failure)
Press: ? - help, Shift-Dir - straight line, f - wight
Aim: a wight, wielding a +3 long sword of freezing and wearing a +0 robe (100% to hit)
The magic dart hits the wight but does no damage.
Casting: Magic Dart (safe; 2% risk of failure)
Confirm with . or Enter, or press ? or * to list all spells.
Aiming: Momentum Strike (safe; 13% risk of failure)
Press: ? - help, Dir - move target, f/p - wight
Aim: a wight, wielding a +3 long sword of freezing and wearing a +0 robe (68% to hit)
The concentrated momentum hits the wight.
The wight is lightly damaged.
You are unable to move.
The wight barely misses you.
You closely miss the wight. Your kick misses the wight.
The wight is lightly damaged.
The wight hits you with a +3 long sword of freezing!
The wight freezes you.
You closely miss the wight. Your peck misses the wight.
The wight is lightly damaged.
The wight hits you with a +3 long sword of freezing!
The wight freezes you.
You closely miss the wight. Your kick misses the wight.
The wight is lightly damaged.
The wight hits you with a +3 long sword of freezing!
* * * LOW HITPOINT WARNING * * *
The wight freezes you.
* * * LOW HITPOINT WARNING * * *
You hit the wight but do no damage. Your kick misses the wight.
The wight is lightly damaged.
The wight hits you with a +3 long sword of freezing!
* * * LOW HITPOINT WARNING * * *
You feel drained.
You die...

#.. #.##........# #..##
#.##.##.....# #....
#.##.##.....#
###...###.##.##.....# #
#.........##.##.....####
.....................).+
#.........##.####.<.####
#.........##........# #
#......@..#########.#
#......z..# #.#
#>........# #.#
#.........# #.####
#.........#########.....
#####.#.#............###
#.#.#.'#######...#
#.#...#.⌠.⌠ ###..#
#....##.##.##


You could see a wight.

Vanquished Creatures
  An ogre (D:4)
  3 wights
  A howler monkey (D:4)
  4 hounds
  2 jellies
  An orc priest (D:5)
  4 iguanas
  An orc wizard (D:5)
  6 adders
  2 worms (D:3)
  6 dart slugs
  9 orcs
  12 ball pythons
  6 endoplasms
  6 giant cockroaches
  7 goblins
  8 hobgoblins
  6 jackals
  14 kobolds
  3 quokkas
  10 bats
  3 frilled lizards
  5 rats
120 creatures vanquished.

Notes
Turn   | Place    | Note
-------+----------+-------------------------------------------
     0 | D:1      | Eitelfritz the Tengu Reaver began the quest for the Orb.
     0 | D:1      | Reached XP level 1. HP: 12/12 MP: 4/4
    78 | D:1      | Reached XP level 2. HP: 17/17 MP: 6/6
   313 | D:1      | Reached XP level 3. HP: 14/20 MP: 7/7
   702 | D:2      | Learned a level 1 spell: Magic Dart
  1117 | D:2      | Reached XP level 4. HP: 22/27 MP: 2/8
  1322 | D:2      | Reached skill level 1 in Armour
  1690 | D:2      | HP: 1/23 [poisoned by an adder]
  1849 | D:3      | Found an iron altar of Okawaru.
  1937 | D:3      | Found a runed translucent door.
  1944 | D:3      | Noticed zxspectator's ghost (amateur GrFi)
  2340 | D:3      | Gained mutation: Your magical nature lets you fly swiftly
                  | and evasively. [Tengu growth]
  2340 | D:3      | Reached XP level 5. HP: 29/29 MP: 7/9
  2478 | D:3      | Found a faded altar of an unknown god.
  2777 | D:3      | Found a runed translucent door.
  3142 | D:3      | Learned a level 3 spell: Hailstorm
  3170 | D:3      | Reached skill level 5 in Conjurations
  3562 | D:4      | Found an ancient bone altar of Kikubaaqudgha.
  3801 | D:4      | Reached XP level 6. HP: 29/36 MP: 4/11
  4132 | D:4      | Identified the +0 ring mail of Qiyr {rC+}
  4199 | D:4      | Reached skill level 5 in Long Blades
  5056 | D:4      | Learned a level 2 spell: Momentum Strike
  5057 | D:5      | Entered Level 5 of the Dungeon
  5197 | D:5      | Reached skill level 1 in Shields
  5197 | D:5      | Reached XP level 7. HP: 40/40 MP: 5/12
  5413 | D:5      | Reached skill level 6 in Conjurations
  5843 | D:5      | Found a sacrificial altar of Ru.
  5844 | D:5      | Found a snail-covered altar of Cheibriados.
  6091 | D:5      | Slain by a wight

Illustrated notes

Levels and vault maps discovered:
D:1:      dpeg_arrival_rhombi, layout_rooms
D:2:      layout_loops_corners
D:3:      layout_loops_corners, okawaru_gym_becter, ebering_ghost_sewer_f,
          shapermc_ecumenical_altar_mp_highgroup, dreamdust_wishing_well,
          roderic_roman_lattice
D:4:      layout_layer_cave, nicolae_overflow_crystal_walls
D:5:      layout_loops_corners, jmf_multi_god_temple, roderic_lattice_a

Skill      XL: |  1  2  3  4  5  6  7 |
---------------+----------------------+-----
Long Blades    | 4 5 |  5.6
Armour         | 1 2 |  2.5
Dodging        | 3 |  3.7
Conjurations   | 5 6 |  6.3
Spellcasting   | 3 |  3.8
Shields        | 1 |  1.4
Fighting       | 3 |  3.0
Throwing       | |  0.2
Stealth        | |  0.8
Translocations | |  0.6

Action                     |  1- 3 |  4- 6 |  7- 9 || total
---------------------------+-------+-------+-------++-------
  Melee: Falchion          |    74 |   103 |    53 ||   230
         Kick              |    16 |    22 |    14 ||    52
         Peck              |    11 |    18 |     8 ||    37
  Throw: Dart              |       |     3 |       ||     3
   Cast: Kiss of Death     |     1 |     1 |       ||     2
         Magic Dart        |    19 |   129 |    12 ||   160
         Momentum Strike   |       |     4 |     8 ||    12
    Use: Scroll            |       |    11 |       ||    11
 Armour: Leather armour    |    30 |    11 |    10 ||    51
  Dodge: Dodged            |    67 |    38 |    30 ||   135
  Block: Other             |    18 |    15 |       ||    33
         Reflection        |       |     1 |       ||     1
         Buckler           |       |    15 |    21 ||    36
